 Dungeon Crawl Stone Soup version 0.29.1-13-g9f3cf754e1 (webtiles) character file.

Game seed: 10289779081750735094

1528 GigaChad the Cleaver (level 8, -4/70 HPs)
             Began as a Minotaur Fighter on Jan 26, 2023.
             Was an Elder of Zin.
             Slain by a gnoll
             ... wielding a +0 halberd
             ... led by a gnoll bouda
              (9 damage)
             ... on level 6 of the Dungeon on Jan 27, 2023.
             The game lasted 00:11:57 (6126 turns).

GigaChad the Cleaver (Minotaur Fighter)             Turns: 6126, Time: 00:11:59

Health: -4/70      AC: 11    Str: 22    XL:     8   Next: 55%
Magic:  7/7        EV:  5    Int:  5    God:    Zin [****..]
Gold:   107        SH: 15    Dex: 17    Spells: 7/7 levels left

rFire   . . .      SeeInvis .   a - +0 war axe
rCold   + . .      Faith    .   x - +0 tower shield
rNeg    . . .      Spirit   .   w - +1 chain mail {rC+}
rPois   .          Reflect  .   (helmet restricted)
rElec   .          Harm     .   (no cloak)
rCorr   .          Rampage  .   (no gloves)
Will    .....                   (no boots)
Stlth   ..........              (no amulet)
HPRegen 0.21/turn               t - +6 ring of dexterity
MPRegen 0.10/turn               (no ring)

@: weakened
A: horns 2, retaliatory headbutt
a: Renounce Religion, Recite, Vitalisation, Imprison, Donate Gold


You were on level 6 of the Dungeon.
You worshipped Zin.
Zin was greatly pleased with you.
You visited 2 branches of the dungeon, and saw 7 of its levels.

You collected 312 gold pieces.
You spent 45 gold pieces at shops.
You donated 160 gold pieces to Zin.

Inventory:

Hand Weapons
 a - a +0 war axe (weapon)
 s - a +0 arbalest
 v - a +2 vorpal war axe
Armour
 b - a +0 scale mail
 c - a +0 buckler
 w - a +1 chain mail of cold resistance (worn)
 x - a +0 tower shield (worn)
Jewellery
 j - a ring of resist corrosion
 t - a +6 ring of dexterity (left hand)
 y - a ring of protection from fire
Scrolls
 e - 7 scrolls of identify
 f - 2 scrolls of fear {unknown}
 k - 2 scrolls of fog
 l - a scroll of summoning {unknown}
 m - 2 scrolls of magic mapping
 n - 2 scrolls of brand weapon {unknown}
 q - 2 scrolls of vulnerability {unknown}
Potions
 d - 2 potions of might
 g - a potion of haste
 h - a potion of lignification {unknown}
 i - a potion of cancellation {unknown}
 o - 4 potions of flight {unknown}
 p - 2 potions of heal wounds {unknown}
 r - 3 potions of resistance {unknown}
 u - a potion of curing {unknown}


   Skills:
 + Level 6.0 Fighting
 + Level 8.9 Axes
 + Level 6.9 Armour
 + Level 2.1 Dodging
 + Level 0.8 Stealth
 + Level 6.1 Shields


You had 7 spell levels left.
You didn't know any spells.
Your spell library contained the following spells:

 Spells                   Type           Power      Damage    Failure   Level
 Magic Dart               Conj           0%         1d3       100%        1
 Call Imp                 Summ           0%         N/A       100%        2
 Mephitic Cloud           Conj/Pois/Air  0%         N/A       100%        3


Dungeon Overview and Level Annotations

Branches:
Dungeon (6/15)             Temple (1/1) D:5

Altars:
Ashenzari
Elyvilon
Gozag
Kikubaaqudgha
Makhleb
Nemelex Xobeh
Ru
Sif Muna
Trog
Uskayaw
Vehumet
Xom
Yredelemnul
Zin

Shops:
D:5 *


Innate Abilities, Weirdness & Mutations

You have a pair of horns on your head.
You reflexively headbutt those who attack you in melee.


Message History

The adder bites you but does no damage.
You barely miss the gnoll bouda.
The gnoll bouda is heavily wounded.
You slash the adder! You barely miss the black bear. The black bear bites you.
* * * LOW HITPOINT WARNING * * *
You block the black bear's attack. x2
The gnoll bouda hits you with a +0 club.
* * * LOW HITPOINT WARNING * * *
The adder barely misses you. You furiously retaliate!
You headbutt the adder.
You kill the adder!
You block the gnoll's attack. You block the black bear's attack.
The black bear barely misses you.
The black bear claws you but does no damage.
The gnoll bouda barks out a call to the hunt!
The gnoll picks up the pace!
The gnoll hits you from afar with a +0 halberd.
* * * LOW HITPOINT WARNING * * *
The bullfrog hits you. Zin protects you from harm!
Your Fighting skill increases to level 6!
The black bear attacks as you move away!
You block the black bear's attack. x2; The black bear barely misses you.
The gnoll bouda hits you but does no damage.
You block the bullfrog's attack. You block the gnoll's attack.
The gnoll bouda barely misses you.
The bullfrog hits you but does no damage.
You barely miss the gnoll bouda.
The gnoll bouda is heavily wounded.
You hit the bullfrog. You block the bullfrog's attack.
The gnoll hits you from afar with a +0 halberd!
Zin protects you from harm! You block the gnoll bouda's attack.
You block the bullfrog's attack.
You closely miss the gnoll bouda. Your headbutt misses the gnoll bouda.
The gnoll bouda is heavily wounded.
You hit the bullfrog.
The gnoll hits you from afar with a +0 halberd.
* * * LOW HITPOINT WARNING * * *
You block the bullfrog's attack.
The gnoll hits you from afar with a +0 halberd!
You die...

...................
##
...................
#.#
.......#...........
#..#
#########.......###
..... ###...###
.....# #..##
......# ##### #.##
.......##hFg## #.#
.........g.@.##
##.# ##
#.......)###..##
#..### ##.
#........#
##..###....####..
..........
##..............
#..........
##............#
##..#.......
#######...[###
#..###......
##....## ..
.......# #.....#
#......


You could see a black bear, a bullfrog, a gnoll bouda and a gnoll (swift).

Vanquished Creatures
  Pikel (D:5)
  Grinder (D:3)
  An ogre (D:5)
  A phantom (D:4)
  A scorpion (D:4)
  3 crimson imps (D:4)
  3 jellies
  2 hounds (D:5)
  An orc priest (D:4)
  4 iguanas
  An orc wizard (D:5)
  3 gnolls
  10 adders
  A shadow imp (D:5)
  A dart slug (D:4)
  14 orcs
  3 ball pythons (D:1)
  14 endoplasms
  6 giant cockroaches
  5 goblins
  12 hobgoblins
  6 jackals
  6 kobolds
  6 quokkas
  8 bats
  2 frilled lizards
  10 rats
126 creatures vanquished.

Vanquished Creatures (others)
  2 fungi (D:1)
2 creatures vanquished.

Grand Total: 128 creatures vanquished

Notes
Turn   | Place    | Note
-------+----------+-------------------------------------------
     0 | D:1      | GigaChad the Minotaur Fighter began the quest for the Orb.
     0 | D:1      | Reached XP level 1. HP: 19/19 MP: 0/0
   161 | D:1      | Reached XP level 2. HP: 21/27 MP: 1/1
   696 | D:1      | Reached skill level 3 in Axes
   696 | D:1      | Reached XP level 3. HP: 25/33 MP: 2/2
  1323 | D:2      | Found a faded altar of an unknown god.
  1341 | D:2      | Prayed at the altar of an unknown god.
  1341 | D:2      | Became a worshipper of Zin the Law-Giver
  1341 | D:2      | Reached * piety under Zin
  1369 | D:2      | Reached XP level 4. HP: 40/40 MP: 3/3
  1442 | D:2      | Found a broken altar of Ashenzari.
  1731 | D:2      | Reached ** piety under Zin
  1929 | D:2      | Reached skill level 4 in Axes
  2182 | D:3      | Found a basalt altar of Yredelemnul.
  2259 | D:3      | Found a sacrificial altar of Ru.
  2282 | D:3      | Reached *** piety under Zin
  2380 | D:3      | Noticed Grinder
  2383 | D:3      | Paralysed by Grinder for 3 turns
  2389 | D:3      | Killed Grinder
  2390 | D:3      | Reached skill level 5 in Axes
  2390 | D:3      | Reached skill level 5 in Armour
  2390 | D:3      | Reached XP level 5. HP: 47/47 MP: 4/4
  2390 | D:3      | Reached XP level 6. HP: 53/53 MP: 5/5
  2651 | D:3      | Found a glowing silver altar of Zin.
  2970 | D:4      | Found a white marble altar of Elyvilon.
  3288 | D:4      | Reached skill level 6 in Axes
  3374 | D:4      | Reached **** piety under Zin
  3425 | D:4      | Reached skill level 1 in Dodging
  3930 | D:4      | Found a radiant altar of Vehumet.
  4139 | D:4      | Found a shimmering altar of Xom.
  4421 | D:4      | Reached XP level 7. HP: 49/60 MP: 6/6
  4533 | D:4      | Reached skill level 7 in Axes
  4758 | D:5      | Entered Level 5 of the Dungeon
  4766 | D:5      | Reached skill level 5 in Fighting
  4770 | D:5      | Reached skill level 5 in Shields
  5158 | D:5      | Donated 129 gold pieces to Zin
  5203 | D:5      | Found a broken altar of Ashenzari.
  5303 | D:5      | Found Tkhyjeus's Tempting Trifles.
  5360 | D:5      | Bought a +0 tower shield for 45 gold pieces
  5520 | D:5      | Noticed Pikel
  5530 | D:5      | Killed Pikel
  5531 | D:5      | Reached skill level 8 in Axes
  5531 | D:5      | Reached XP level 8. HP: 65/70 MP: 7/7
  5538 | D:5      | Found a staircase to the Ecumenical Temple.
  5560 | Temple   | Entered the Ecumenical Temple
  6122 | D:6      | Zin protects you from harm!
  6125 | D:6      | Zin protects you from harm!
  6126 | D:6      | Slain by a gnoll

Illustrated notes

Levels and vault maps discovered:
D:1:      dpeg_cavernosity, layout_loops_cross, minmay_splitting_lines
D:2:      layout_loops_ring, nicolae_ecumenical_pavilion, basic_altar
D:3:      layout_loops_ring, mainiacjoe_overflow_alcove_1, zin_academy,
          lemuel_round_altar, serial_park_tiny_pond, uniq_grinder
D:4:      kennysheep_spiral_hall, layout_basic,
          mainiacjoe_overflow_six_doors_small, nicolae_vehumet_radiance,
          led_xom_imps, portal_sewer_entry_e, minivault_11
D:5:      layout_gridville, evilmike_ruin_ashenzari,
          minmay_temple_entry_large_hall, nicolae_alphabet_shops,
          minmay_misc_feat_enclosed, uniq_pikel
D:6:      layout_layer_cave, dreamdust_princess_corridor, uniq_prince_ribbit1,
          uniq_edmund
Temple:   nicolae_temple_great_sept

Skill      XL: |  1  2  3  4  5  6  7  8 |
---------------+-------------------------+-----
Shields        | 4 5 6 |  6.1
Armour         | 4 5 6 |  6.9
Axes           | 3 5 6 8 |  8.9
Fighting       | 4 5 6 |  6.0
Dodging        | 1 2 |  2.1
Stealth        | |  0.8

Action                   |  1- 3 |  4- 6 |  7- 9 || total
-------------------------+-------+-------+-------++-------
Melee: War axe           |    75 |   122 |    81 ||   278
       Headbutt          |     8 |    18 |     8 ||    34
Invok: Donate Gold       |       |       |     1 ||     1
  Use: Scroll            |     3 |     2 |       ||     5
Armor: Scale mail        |    49 |    52 |    21 ||   122
       Chain mail        |       |       |    24 ||    24
Dodge: Dodged            |    70 |    64 |    42 ||   176
Block: Buckler           |    23 |    33 |    12 ||    68
       Tower shield      |       |       |    61 ||    61
